 Dungeon Crawl Stone Soup version 0.28-a0-535-g6f645e4c1d (webtiles) character file.

Game seed: 5428991139636884424

11 heikuro the Shield-Bearer (level 2, 0/24 HPs)
             Began as a Formicid Fighter on Sept 26, 2021.
             Slain by a gnoll (15 damage)
             ... on level 2 of the Dungeon.
             The game lasted 00:00:37 (1347 turns).

heikuro the Shield-Bearer (Formicid Fighter)        Turns: 1347, Time: 00:00:38

Health: 0/24       AC:  6    Str: 20    XL:     2   Next: 40%
Magic:  2/2        EV:  5    Int:  7    God:
Gold:   43         SH:  0    Dex: 10    Spells: 1/1 levels left

rFire   . . .      SeeInvis +   a - +0 war axe
rCold   . . .      Faith    .   c - +0 buckler
rNeg    . . .      Spirit   .   b - +0 scale mail
rPois   .          Reflect  .   (helmet unavailable)
rElec   .          Harm     .   (no cloak)
rCorr   .          Rampage  .   (no gloves)
Will    .....                   (no boots)
Stlth   ..........              (no amulet)
HPRegen 0.08/turn               (no ring)
MPRegen 0.08/turn               (no ring)

@: held
A: permanent stasis, dig shafts and tunnels, antennae 3, four strong arms
a: Dig, Shaft Self


You were on level 2 of the Dungeon.
You visited 1 branch of the dungeon, and saw 2 of its levels.

You collected 43 gold pieces.

Inventory:

Hand Weapons
 a - a +0 war axe (weapon)
Armour
 b - a +0 scale mail (worn)
 c - a +0 buckler (worn)
Jewellery
 f - a ring of fire
Scrolls
 e - 2 scrolls of identify {unknown}
 g - a scroll of torment {unknown}
 i - a scroll of acquirement {unknown}
Potions
 d - a potion of might
 h - a potion of invisibility {unknown}


   Skills:
 + Level 3.5 Fighting
 * Level 2.4 Axes
 + Level 3.5 Armour
 - Level 3.6 Shields


You had one spell level left.
You didn't know any spells.
Your spell library was empty.

Dungeon Overview and Level Annotations

Branches:
Dungeon (2/15)

Altars:


Innate Abilities, Weirdness & Mutations

You cannot be hasted, slowed, berserked, paralysed or teleported.
You can dig through walls and to a lower floor.
You have a pair of large antennae on your head. (SInv)
Your four strong arms can wield two-handed weapons with a shield.


Message History

The endoplasm freezes you.
You are frozen.
The endoplasm barely misses you.
You slash the endoplasm!
You kill the endoplasm!
No target in view!
No target in view!
You see here a +0 scale mail.
You see here a +0 helmet.
You see here 18 stones.
You see here 18 stones.
Done exploring.
Done exploring.
There is a stone staircase leading down here.
You climb downwards.
Found 3 gold pieces.
Found an escape hatch in the floor.
Found a stone staircase leading down.
There is a stone staircase leading up here.
Found a faded altar of an unknown god.
Found a scroll labelled HYMEREF XY DAE.
A gnoll comes into view. It is wielding a +0 halberd.
The gnoll shouts!
A gnoll comes into view. It is wielding a +0 whip.
The gnoll throws a throwing net.
You block the throwing net.
You see here a throwing net. 2 gnolls come into view.
The gnoll shouts! x2
You see here 3 gold pieces.
Found a leather armour.
The gnoll throws a throwing net.
The throwing net hits you.
You become entangled in the net!
You see here a throwing net.
You are held in a net!
Unknown command.
You struggle against the net.
You struggle against the net.
The gnoll hits you from afar with a +0 halberd.
The gnoll hits you from afar with a +0 spear.
You struggle against the net.
The gnoll hits you from afar with a +0 halberd!
Ouch! That really hurt!
You die...

.... #.#.# ...
...###.#.##...... #
#...#.#.##......
#.##............# .
#....<..........#..
#.................
#.>..............
+............###..##
#.........($@.gg....
#.............g.....
#..##.........g.....
..............###....
#.##............ ...
#..........._. .[
...........###.. #
#..........? .
..........#.


You could see 4 gnolls.

Vanquished Creatures
  A dart slug (D:1)
  A bat (D:1)
  3 endoplasms (D:1)
  2 quokkas (D:1)
  A kobold (D:1)
8 creatures vanquished.

Notes
Turn   | Place    | Note
-------+----------+-------------------------------------------
     0 | D:1      | heikuro the Formicid Fighter began the quest for the Orb.
     0 | D:1      | Reached XP level 1. HP: 18/18 MP: 1/1
   492 | D:1      | Reached XP level 2. HP: 24/24 MP: 2/2
  1338 | D:2      | Found a faded altar of an unknown god.
  1347 | D:2      | Slain by a gnoll

Illustrated notes

Levels and vault maps discovered:
D:1:      lightli_arrival_statuegarden, layout_basic,
          hangedman_abyss_or_decor_stabs
D:2:      layout_basic, hellmonk_ecumenical_altar_lost_god,
          chequers_serial_rivers_room_b, uniq_robin

Action                   || total
-------------------------++-------
Melee: War axe           ||    22
Armor: Scale mail        ||     8
Dodge: Dodged            ||    12
Block: Buckler           ||     6

Table legend: (Time is in decaauts)
 A = Elapsed time spent in this place.
 B = Non-inter-level travel time spent in this place.
 C = Inter-level travel time spent in this place.
 D = Time resting spent in this place.
 E = Time spent auto-exploring this place.
 F = Levels seen in this place.
 G = Mean time per level.
                   A        B        C        D        E       F      G
               +--------+--------+--------+--------+--------+-----+--------+
         Total |   1355 |   1341 |     14 |      0 |   1237 |   2 |  677.5 |
       Dungeon |   1355 |   1341 |     14 |      0 |   1237 |   2 |  677.5 |
               +--------+--------+--------+--------+--------+-----+--------+

Top non-repeatable levels by time:
     D:1: 1344 daAuts
     D:2: 10 daAuts
